 Dungeon Crawl Stone Soup version 0.29-a0-598-gd8304a5bf4 (webtiles) character file.

Game seed: 17252619883178882117

64 ptdevnull the Charlatan (level 3, -3/28 HPs)
             Began as a Demonspawn Artificer on June 16, 2022.
             Slain by a gnoll
             ... wielding a +0 halberd
              (9 damage)
             ... on level 2 of the Dungeon.
             The game lasted 00:02:46 (2980 turns).

ptdevnull the Charlatan (Demonspawn Artificer)      Turns: 2980, Time: 00:02:47

Health: -3/28      AC:  5    Str: 14    XL:     3   Next: 91%
Magic:  3/3        EV: 11    Int: 12    God:
Gold:   122        SH:  0    Dex: 13    Spells: 2/2 levels left

rFire   . . .      SeeInvis .   p - +0 mace (vorpal)
rCold   . . .      Faith    .   (no shield)
rNeg    . . .      Spirit   .   b - +0 leather armour
rPois   .          Reflect  .   (no helmet)
rElec   .          Harm     .   f - +0 cloak
rCorr   .          Rampage  .   (no gloves)
Will    .....                   h - +0 pair of boots
Stlth   +.........              (no amulet)
HPRegen 0.09/turn               (no ring)
MPRegen 0.08/turn               (no ring)

@: no status effects
A: hooves 2
a: no special abilities


You were on level 2 of the Dungeon.
You visited 1 branch of the dungeon, and saw 2 of its levels.

You collected 122 gold pieces.

Inventory:

Hand Weapons
 a - a +0 club
 m - a +0 whip
 p - a +0 vorpal mace (weapon)
Armour
 b - a +0 leather armour (worn)
 f - a +0 cloak (worn)
 h - a +0 pair of boots (worn)
Wands
 c - a wand of flame (15) (quivered)
 d - a wand of charming (15)
 e - a wand of iceblast (9)
Scrolls
 i - a scroll of fear {unknown}
 k - 2 scrolls of identify {unknown}
 l - 2 scrolls of immolation {unknown}
 n - a scroll of magic mapping {unknown}
 o - a scroll of poison {unknown}
Potions
 g - 2 potions of curing {unknown}
 j - a potion of berserk rage {unknown}
 q - a potion of might {unknown}
 r - a potion of degeneration {unknown}


   Skills:
 + Level 2.7 Fighting
 - Level 1.7 Armour
 - Level 0.8 Dodging
 - Level 0.8 Stealth
 + Level 4.0 Evocations


You had 2 spell levels left.
You didn't know any spells.
Your spell library contained the following spells:

 Spells                   Type           Power      Damage    Failure   Level
 Scorch                   Fire           0%         2d5       52%         2
 Flame Wave               Conj/Fire      0%         2d4       99%         4
 Summon Cactus Giant      Summ           0%         N/A       100%        6


Dungeon Overview and Level Annotations

Branches:
Dungeon (2/15)

Altars:

Shops:
D:1 :


Innate Abilities, Weirdness & Mutations

You have hoof-like feet.


Message History

You sock the gnoll!
The gnoll is severely wounded.
The gnoll hits you but does no damage.
You hit the gnoll.
The gnoll is almost dead.
The gnoll hits you with a +0 halberd. x2
You hit the gnoll.
You kill the gnoll!
You closely miss the gnoll. The gnoll closely misses you.
You sock the gnoll! You punch the gnoll, but do no damage.
The gnoll is severely wounded.
The gnoll closely misses you. The gnoll hits you with a +0 flail.
You hit the gnoll.
The gnoll is almost dead.
The gnoll completely misses you.
You sock the gnoll!
You kill the gnoll!
Your Evocations skill increases to level 4!
Things that are here:
a +0 flail; a +0 halberd; a gnoll corpse A gnoll comes into view.
It is wielding a +0 halberd.
You barely miss the gnoll.
The gnoll shouts!
The gnoll barely misses you.
You hit the gnoll.
The gnoll is lightly wounded.
The gnoll hits you with a +0 halberd!
You barely miss the gnoll. Your punch misses the gnoll.
The gnoll is lightly wounded.
The gnoll hits you with a +0 halberd!
* * * LOW HITPOINT WARNING * * *
The gnoll hits you but does no damage.
You are too injured to fight recklessly!
You barely miss the gnoll.
The gnoll is lightly wounded.
The gnoll barely misses you.
You closely miss the gnoll.
The gnoll is lightly wounded.
The gnoll hits you with a +0 halberd!
You die...

.##)#...#.##..###.#.......#
.##.##..##(#..# #.#######.#
.##.##...###..###.#
....##.......###..####
.##########.## #.....# .#
#.# #####.# .# #.# #.# .#
#.# ######.# .# #.#
#.@)...# .# #.# #g###### ##
#.# #. # #.# #. #. # #. #
.. # ## #


You could see a gnoll.

Vanquished Creatures
  2 gnolls (D:2)
  A worm (D:2)
  5 bats
  6 endoplasms
  A giant cockroach (D:1)
  3 goblins
  A hobgoblin (D:2)
  3 jackals (D:1)
  2 quokkas (D:1)
  4 ball pythons
  8 frilled lizards (D:1)
  2 kobolds (D:2)
  A rat (D:2)
39 creatures vanquished.

Notes
Turn   | Place    | Note
-------+----------+-------------------------------------------
     0 | D:1      | ptdevnull the Demonspawn Artificer began the quest for the
                  | Orb.
     0 | D:1      | ptdevnull set off with the following wands: flame,
                  | charming, and iceblast.
     0 | D:1      | Reached XP level 1. HP: 15/15 MP: 1/1
   460 | D:1      | Gained mutation: You have large cloven feet. [demonic
                  | ancestry]
   460 | D:1      | Reached XP level 2. HP: 17/21 MP: 2/2
   723 | D:1      | Found Lisiroz's Book Shoppe.
  2089 | D:2      | Gained mutation: You have hoof-like feet. [demonic
                  | ancestry]
  2089 | D:2      | Reached XP level 3. HP: 19/27 MP: 3/3
  2945 | D:2      | Reached skill level 4 in Evocations
  2980 | D:2      | Slain by a gnoll

Illustrated notes

Levels and vault maps discovered:
D:1:      tarquinn_simple_flora_water_a, layout_basic, serial_shops,
          nicolae_shop_stone, minmay_misc_feat_x, minmay_nonomino_d4
D:2:      cheibrodos_helix_gallery, layout_loops_ring, minmay_bisected

Skill      XL: |  1  2  3 |
---------------+----------+-----
Fighting       | 2 |  2.7
Evocations     | 4 |  4.0
Armour         | |  1.7
Dodging        | |  0.8
Stealth        | |  0.8

Action                   || total
-------------------------++-------
Melee: Club              ||    81
       Mace              ||    53
       Whip              ||     3
       Kick              ||     3
       Punch             ||     2
 Stab: Sleeping          ||     4
Armor: Leather armour    ||    66
Dodge: Dodged            ||    97

Table legend: (Time is in decaauts)
 A = Elapsed time spent in this place.
 B = Non-inter-level travel time spent in this place.
 C = Inter-level travel time spent in this place.
 D = Time resting spent in this place.
 E = Time spent auto-exploring this place.
 F = Levels seen in this place.
 G = Mean time per level.
                   A        B        C        D        E       F      G
               +--------+--------+--------+--------+--------+-----+--------+
         Total |   3025 |   2968 |     57 |    582 |   2033 |   2 | 1512.5 |
       Dungeon |   3025 |   2968 |     57 |    582 |   2033 |   2 | 1512.5 |
               +--------+--------+--------+--------+--------+-----+--------+

Top non-repeatable levels by time:
     D:1: 1997 daAuts
     D:2: 1027 daAuts
